 Dungeon Crawl Stone Soup version 0.29.0-5-ge4962eb29e (webtiles) character file.

Game seed: 989262000410335657

65119 wingedge the Skirmisher (level 14, -24/102 HPs)
             Began as a Mummy Wanderer on Aug 28, 2022.
             Was a High Priest of Hepliaklqana.
             Annihilated by a minotaur
             ... wielding the +5 long sword of Bloody Death {vorpal, *Noise Int+3 SInv}
              (28 damage)
             ... in a Gauntlet on Aug 29, 2022.
             The game lasted 01:34:57 (22624 turns).

wingedge the Skirmisher (Mummy Wanderer)           Turns: 22624, Time: 01:34:58

Health: -24/102    AC: 22    Str: 19    XL:     14   Next: 74%
Magic:  26/26      EV: 13    Int: 14    God:    Hepliaklqana [*****.]
Gold:   1000       SH:  5    Dex: 20    Spells: 13/29 levels left

rFire   x . .      SeeInvis .   a - +6 arbalest (freeze)
rCold   + + .      Faith    .   (shield currently unavailable)
rNeg    + + +      Spirit   .   t - +2 scale mail {rF+}
rPois   ∞          Reflect  +   K - +2 helmet
rElec   .          Harm     +   e - +1 cloak
rCorr   +          Rampage  .   A - +2 pair of gloves of the Other Side {rCorr Str+4 Slay+2}
Will    +....      NoTele   +   T - +2 pair of boots of Analysis {Harm}
Stlth   ..........              Q - amulet of reflection
HPRegen 0.27/turn               H - ring of ice
MPRegen 0.20/turn               O - +6 ring of dexterity

@: studying Long Blades
A: reduced essence, cold resistance 1, negative energy resistance 3, torment
resistance 2, heat vulnerability 1, in touch with death 2, no potions
a: Renounce Religion, Recall Ancestor, Ancestor Identity, Transference, Idealise


You were in a Gauntlet.
You worshipped Hepliaklqana.
Hepliaklqana was extremely pleased with you.
You visited 4 branches of the dungeon, and saw 19 of its levels.
You also visited: Sewer and Gauntlet.

You collected 3503 gold pieces.
You spent 2503 gold pieces at shops.

Inventory:

Hand Weapons
 a - a +6 arbalest of freezing (weapon)
 b - a +2 vorpal great sword
 d - the +10 sling of Annihilation {flame, Int+6}
   (You found it on level 2 of the Dungeon)

   Any ammunition fired from it burns those it strikes, dealing additional fire
   damage.
   Int:       It affects your intelligence (+6).
 u - a +5 scimitar of flaming
 N - the +4 hand axe "Afrisode" {pain, rF++ rC+ Will- Stlth-}
   (You found it on level 2 of the Lair of Beasts)

   In the hands of one skilled in necromantic magic, it inflicts extra damage on
   living creatures.
   rF:        It greatly protects you from fire.
   rC:        It protects you from cold.
   Will:      It decreases your willpower.
   Stlth:     It makes you less stealthy.
 V - the +8 short sword "Yxon Ala" {flame, Int+2}
   (You found it on level 4 of the Dungeon)

   It burns those it strikes, dealing additional fire damage.
   Int:       It affects your intelligence (+2).
Missiles
 c - 3 throwing nets
 n - 8 curare-tipped darts
Armour
 e - a +1 cloak (worn)
 f - a +2 buckler
 t - a +2 scale mail of fire resistance (worn)
 A - the +2 pair of gloves of the Other Side (worn) {rCorr Str+4 Slay+2}
   (You found it in a Gauntlet)

   Str:       It affects your strength (+4).
   Slay:      It affects your accuracy & damage with ranged weapons and melee
   (+2).
   rCorr:     It protects you from acid and corrosion.
 F - a +0 leather armour of willpower
 I - a +1 robe of cold resistance
 K - a +2 helmet (worn)
 L - the +2 robe of the Immovable Stories {rElec rCorr Int+4}
   (You found it on level 2 of the Lair of Beasts)

   Int:       It affects your intelligence (+4).
   rElec:     It insulates you from electricity.
   rCorr:     It protects you from acid and corrosion.
 T - the +2 pair of boots of Analysis (worn) {Harm}
   (You found it on level 5 of the Lair of Beasts)

   Harm:      It increases damage dealt and taken.
Magical Staves
 J - a staff of conjuration
 M - a staff of earth
Jewellery
 i - a +4 ring of evasion
 m - a ring of resist corrosion
 H - a ring of ice (left hand)
 O - a +6 ring of dexterity (right hand)
 Q - an amulet of reflection (around neck)
 W - a ring of see invisible
 X - a ring of flight
 Y - a ring of protection from fire
Wands
 j - a wand of digging (4)
 p - a wand of charming (21)
 v - a wand of flame (34)
 w - a wand of quicksilver (2)
 C - a wand of iceblast (13)
 R - a wand of polymorph (7)
Scrolls
 g - 9 scrolls of teleportation
 h - 3 scrolls of vulnerability
 l - 3 scrolls of blinking
 o - 7 scrolls of amnesia
 r - 5 scrolls of fear
 s - 2 scrolls of silence
 x - 2 scrolls of magic mapping
 y - 3 scrolls of poison
 z - a scroll of fog
 G - a scroll of summoning
 U - a scroll of immolation
Miscellaneous
 k - a box of beasts
 q - a lightning rod (2/4)


   Skills:
 + Level 11.9 Fighting
 - Level 2.0 Long Blades
 - Level 12.0 Ranged Weapons
 - Level 1.0 Throwing
 - Level 7.0 Armour
 - Level 6.0 Dodging
 - Level 4.0 Shields
 - Level 8.0 Spellcasting
 - Level 7.0 Conjurations
 - Level 7.0 Hexes
 - Level 3.0 Necromancy
 - Level 6.0 Translocations
 - Level 3.0 Invocations
 - Level 2.0 Evocations


You had 13 spell levels left.
You knew the following spells:

 Your Spells              Type           Power      Damage    Failure   Level
a - Apportation           Tloc           44%        N/A       3%          1
b - Portal Projectile     Hex/Tloc       46%        N/A       7%          3
c - Fulminant Prism       Conj/Hex       12%        3d9       19%         4
d - Iskenderun's Mystic   Conj/Tloc      23%        2d6       24%         4
e - Anguish               Hex/Necr       22%        N/A       41%         4

Your spell library contained the following spells:

 Spells                   Type           Power      Damage    Failure   Level
 Tukima's Dance           Hex            25%        N/A       6%          3
 Foxfire                  Conj/Fire      60%        2x1d7     9%          1
 Gell's Gravitas          Tloc           22%        N/A       9%          3
 Lesser Beckoning         Tloc           22%        N/A       9%          3
 Teleport Other           Tloc           22%        N/A       9%          3
 Ensorcelled Hibernation  Hex/Ice        46%        N/A       12%         2
 Conjure Flame            Conj/Fire      15%        6-21      24%         3
 Inner Flame              Hex/Fire       15%        N/A       24%         3
 Summon Guardian Golem    Hex/Summ       15%        N/A       24%         3
 Summon Small Mammal      Summ           20%        N/A       34%         1
 Passwall                 Tmut/Erth      4%         N/A       45%         2
 Poisonous Vapours        Pois/Air       10%        N/A       45%         2
 Flame Wave               Conj/Fire      15%        2d7       63%         4
 Leda's Liquefaction      Hex/Erth       7%         N/A       63%         4
 Call Canine Familiar     Summ           5%         N/A       71%         3
 Swiftness                Air            5%         N/A       71%         3
 Corpse Rot               Necr/Pois/Air  18%        N/A       92%         4
 Lee's Rapid Deconstruct  Erth           2%         3d6*      100%        5
 Spider Form              Tmut/Pois      Unusable   N/A       N/A         3
 Blade Hands              Tmut           Unusable   N/A       N/A         5
 Statue Form              Tmut/Erth      Unusable   N/A       N/A         6

Dungeon Overview and Level Annotations

Branches:
Dungeon (11/15)            Temple (1/1) D:4            Lair (5/5) D:9
  Swamp (0/4) Lair:2        Snake (0/4) Lair:2        Slime (0/5) Lair:5
    Orc (2/2) D:9             Elf (0/3) Orc:2         Sewer (visited)
Gauntlet (1/1)

Altars:
Ashenzari
Cheibriados
Dithmenos
Fedhas
Gozag
Hepliaklqana
Kikubaaqudgha
Makhleb
Nemelex Xobeh
Okawaru
Qazlal
Ru
Sif Muna
Trog
Uskayaw
Vehumet
Wu Jian
Xom
Yredelemnul
Jiyva
Lugonu

Shops:
Orc:2 ![=(*

Portals:
Abyss: Lair:5

Annotations:
D:7 2 transporters - fly for blink scroll, blobycou's ghost, novice DsFi Gauntlet 12 transporters, 21 runed translucent doors


Innate Abilities, Weirdness & Mutations

Your life essence is reduced to manifest your ancestor. (-10% HP)
You are immune to poison.
Your flesh is cold resistant. (rC+)
You are immune to negative energy. (rN+++)
You are immune to unholy pain and torment.
You are vulnerable to heat. (rF-)
You are strongly in touch with the powers of death.
You do not drink.


Message History

Press: ? - help, Shift-Dir - straight line, f - minotaur
Aim: a minotaur, wielding the +5 long sword of Bloody Death {vorpal, *Noise Int+3 SInv}, wearing +1 fire dragon scales, wearing an amulet of magic regeneration and quivering silver javelins (lightly wounded, berserk, not watching you, ally target, 79% to hit)
The bolt of dispelling energy hits the minotaur.
The minotaur is lightly wounded.
The minotaur hits you with the +5 long sword of Bloody Death {vorpal, *Noise Int+3 SInv}!!
The minotaur gores you but does no damage.
Mushu hits the minotaur but does no damage.
Casting: Fulminant Prism (dangerous; 19% risk of failure)
Confirm with . or Enter, or press ? or * to list all spells.
Okay, then.
Fire: a) +6 arbalest (freeze)
Press: ? - help, Q - select action, (/) - cycle Shift-Dir - straight line, f/p - minotaur
Aim: a minotaur, wielding the +5 long sword of Bloody Death {vorpal, *Noise Int+3 SInv}, wearing +1 fire dragon scales, wearing an amulet of magic regeneration and quivering silver javelins (lightly wounded, berserk, ally target, 79% to hit)
You shoot a bolt. The bolt hits the minotaur!!
The bolt freezes the minotaur!
The minotaur is heavily wounded.
The minotaur hits you with the +5 long sword of Bloody Death {vorpal, *Noise Int+3 SInv}!!
* * * LOW HITPOINT WARNING * * *
The minotaur gores you!
* * * LOW HITPOINT WARNING * * *
The minotaur hits you with the +5 long sword of Bloody Death {vorpal, *Noise Int+3 SInv}!
* * * LOW HITPOINT WARNING * * *
x2 The minotaur gores you!
* * * LOW HITPOINT WARNING * * *
Mushu hits the minotaur but does no damage.
Blink to where?
Press: ? - help, Dir - move target, p - minotaur
As you read the scroll of blinking, it crumbles to dust.
Mushu hits the minotaur with a +0 flail.
Fire: a) +6 arbalest (freeze)
Press: ? - help, Q - select action, (/) - cycle Shift-Dir - straight line, f - minotaur
Aim: a minotaur, wielding the +5 long sword of Bloody Death {vorpal, *Noise Int+3 SInv}, wearing +1 fire dragon scales, wearing an amulet of magic regeneration and quivering silver javelins (heavily wounded, berserk, ally target, 79% to hit)
You shoot a bolt. The bolt hits the minotaur!
The bolt freezes the minotaur!
The minotaur is almost dead.
Fire: a) +6 arbalest (freeze)
Press: ? - help, Q - select action, (/) - cycle Shift-Dir - straight line, f/p - minotaur
Aim: a minotaur, wielding the +5 long sword of Bloody Death {vorpal, *Noise Int+3 SInv}, wearing +1 fire dragon scales, wearing an amulet of magic regeneration and quivering silver javelins (almost dead, berserk, ally target, 79% to hit)
You shoot a bolt. The bolt hits the minotaur.
The bolt freezes the minotaur.
The minotaur is almost dead.
The minotaur hits you with the +5 long sword of Bloody Death {vorpal, *Noise Int+3 SInv}!!
You die...

'### ⌠..# ..⌠+ ... .∩ .#
#######'####### #@H..R........#
#.###.###.###.# #.............#
###.###.###.###
#####.###.###.#####
#≈...............≈# # ### ###
####8..©.©.©.©.©.©..8## # #8# #8#
#8##≈...............≈##
#################################


You could see the friendly Mushu the knight and a minotaur (berserk, ally
target).

Vanquished Creatures
  Gastronok (Lair:1)
  An orc warlord (Orc:2)
  Nessos (Lair:3)
  7 hydras
  3 death yaks (Lair:5)
  Urug (D:11)
  2 orc high priests
  A thrashing horror (Lair:5)
  Nergalle (Orc:1)
  3 bog bodies (Lair:2)
  Pikel (D:6)
  A necromancer (Gauntlet)
  3 orc knights (Orc:2)
  3 orc sorcerers (Orc:2)
  A black mamba (Lair:5)
  8 elephants
  A smoke demon (Lair:5)
  5 cane toads
  Maggie (D:6)
  2 large abominations (Lair:5)
  2 gargoyles (D:8)
  Psyche (D:8)
  A rime drake (Lair:3)
  5 komodo dragons
  3 ancient zymes (Lair:5)
  A polar bear (Lair:1)
  5 trolls
  A tyrant leech (Lair:3)
  9 blink frogs
  2 dream sheep (Lair:5)
  2 small abominations (Lair:5)
  3 centaur simulacra (Gauntlet)
  A shadow (D:10)
  4 wyverns
  A spriggan (Lair:5)
  39 yaks
  2 basilisks
  A wraith (D:11)
  2 ynoxinuls
  3 vampire mosquitoes (D:11)
  2 wargs
  Menkaure (D:4)
  A swamp worm (Lair:3)
  3 acid dragons
  13 water moccasins
  15 orc warriors
  2 black bears (D:4)
  An ice dragon simulacrum (Gauntlet)
  8 wolves
  2 centaurs
  3 ogres
  6 kobold brigands
  11 bullfrogs
  3 necrophages (D:5)
  A gnoll sergeant (D:9)
  2 scorpions
  7 wights
  A hornet simulacrum (Gauntlet)
  7 killer bees
  4 howler monkeys
  An electric eel (Lair:2)
  4 hounds
  15 orc priests
  3 gnoll boudas
  3 iron imps (Gauntlet)
  4 jellies
  5 iguanas
  Ijyb (D:3)
  Terence (D:3)
  Natasha (thrice) (D:4)
  11 orc wizards
  Robin (D:4)
  20 gnolls
  3 adders
  3 river rats (Sewer)
  2 shadow imps
  2 worms
  2 dart slugs (D:3)
  40 orcs
  13 endoplasms
  7 giant cockroaches
  23 goblins
  15 hobgoblins
  9 jackals
  6 quokkas
  12 ball pythons
  8 bats
  7 frilled lizards
  15 kobolds
  9 rats
476 creatures vanquished.

Vanquished Creatures (collateral kills)
  The ghost of Shadowmage952 the Severer, a journeyman HOBe of Trog (D:9)
  Fannar (Lair:1)
  A hydra (Lair:5)
  A two-headed ogre (D:10)
  2 death yaks (Lair:5)
  2 thrashing horrors (Lair:5)
  A bog body (Lair:2)
  An ugly thing (Lair:5)
  8 elephants
  2 black mambas (Lair:5)
  A smoke demon (Lair:5)
  3 gargoyles (D:8)
  2 cane toads
  2 komodo dragons
  2 rime drakes (Lair:5)
  2 polar bears (Lair:1)
  A hornet (D:8)
  3 blink frogs
  2 dream sheep (Lair:5)
  Sigmund (D:6)
  A wyvern (D:11)
  A basilisk (Lair:5)
  11 yaks
  3 chaos spawn (Lair:5)
  A steam dragon (D:8)
  A vampire mosquito (D:11)
  A warg (Orc:1)
  A swamp worm (Lair:3)
  An acid dragon (D:8)
  4 water moccasins
  An ice beast (D:6)
  5 orc warriors
  A sky beast (D:6)
  9 wolves
  An ogre (Orc:1)
  2 kobold brigands (D:8)
  3 bullfrogs
  A gnoll sergeant (D:10)
  A scorpion (D:6)
  6 small abominations (Lair:5)
  3 wights
  5 killer bees
  An iron imp (Gauntlet)
  An orc priest (Orc:2)
  2 orc wizards (Orc:1)
  4 gnolls
  3 orcs
  6 kobolds (D:8)
119 creatures vanquished.

Vanquished Creatures (others)
  Erica (D:8)
  A bog body (Lair:2)
  A cane toad (Lair:5)
  A troll (Orc:1)
  Grum (D:8)
  10 knights
  3 ancestors
  A kobold (D:8)
  5 demonic plants (Gauntlet)
  12 fulminant prisms
  35 fungi
  45 plants
  26 withered plants (Gauntlet)
142 creatures vanquished.

Grand Total: 737 creatures vanquished

Notes
Turn   | Place    | Note
-------+----------+-------------------------------------------
     0 | D:1      | wingedge the Mummy Wanderer began the quest for the Orb.
     0 | D:1      | wingedge set off with the following items: a +0 falchion, a
                  | +0 buckler, a scroll of fear, a +0 leather armour; and the
                  | following spell memorised: Apportation; and the following
                  | spells available to memorise: Teleport Other, Iskenderun's
                  | Mystic Blast.
     0 | D:1      | Reached XP level 1. HP: 13/13 MP: 2/2
   233 | D:1      | Reached skill level 1 in Fighting
   340 | D:1      | Found a faded altar of an unknown god.
   622 | D:1      | Reached XP level 2. HP: 21/21 MP: 4/4
  1321 | D:1      | Gained mutation: You are in touch with the powers of death.
                  | [Mummy growth]
  1321 | D:1      | Reached XP level 3. HP: 25/28 MP: 5/5
  1937 | D:2      | Reached skill level 1 in Ranged Weapons
  1937 | D:2      | Reached XP level 4. HP: 23/35 MP: 6/6
  2394 | D:2      | Reached skill level 1 in Dodging
  2561 | D:2      | Identified the +10 sling of Annihilation {flame, Int+6}
  2666 | D:3      | Noticed Ijyb
  2677 | D:3      | Killed Ijyb
  3041 | D:3      | Reached skill level 2 in Ranged Weapons
  3056 | D:3      | Reached XP level 5. HP: 41/41 MP: 7/7
  3261 | D:3      | Noticed Terence
  3265 | D:3      | Killed Terence
  3387 | D:4      | Noticed a black bear
  3390 | D:4      | Reached skill level 3 in Ranged Weapons
  3393 | D:4      | Killed a black bear
  3394 | D:4      | Reached skill level 1 in Armour
  3394 | D:4      | Reached XP level 6. HP: 39/47 MP: 8/8
  3445 | D:4      | Identified the +8 short sword "Yxon Ala" {flame, Int+2}
  3605 | D:4      | Noticed Menkaure
  3762 | D:4      | Noticed Natasha
  3763 | D:4      | Killed Natasha
  3820 | D:4      | Reached skill level 4 in Ranged Weapons
  4036 | D:4      | Noticed Natasha
  4039 | D:4      | Killed Natasha
  4047 | D:4      | Reached XP level 7. HP: 25/52 MP: 9/9
  4184 | D:4      | Noticed Natasha
  4186 | D:4      | Killed Natasha
  4423 | D:4      | Killed Menkaure
  4590 | D:4      | Noticed Robin
  4596 | D:4      | Killed Robin
  4757 | D:4      | Found a staircase to the Ecumenical Temple.
  4769 | Temple   | Entered the Ecumenical Temple
  4968 | Temple   | Became a worshipper of Hepliaklqana the Forgotten
  5089 | D:5      | Entered Level 5 of the Dungeon
  5098 | D:5      | Reached skill level 5 in Fighting
  5537 | D:5      | Reached XP level 8. HP: 62/62 MP: 10/10
  5547 | D:5      | Reached skill level 5 in Ranged Weapons
  5753 | D:5      | Reached skill level 6 in Ranged Weapons
  6155 | D:6      | Found a glowing drain.
  6168 | Sewer    | Entered a sewer
  6326 | Sewer    | Reached * piety under Hepliaklqana
  6615 | D:6      | Noticed Pikel
  6620 | D:6      | Reached skill level 7 in Ranged Weapons
  6629 | D:6      | Killed Pikel
  6630 | D:6      | Reached XP level 9. HP: 52/63 MP: 11/11
  6834 | D:6      | Noticed Sigmund
  6844 | D:6      | Killed Sigmund
  6923 | D:6      | Reached skill level 5 in Armour
  7295 | D:6      | Noticed Maggie
  7309 | D:6      | Killed Maggie
  7740 | D:7      | Noticed a cyclops
  7742 | D:7      | Found a transporter.
  7745 | D:7      | Noticed blobycou's ghost (novice DsFi)
  7775 | D:7      | Found a transporter.
  7987 | D:7      | Reached ** piety under Hepliaklqana
  7988 | D:7      | Remembered your ancestor Mushu as a knight
  8350 | D:8      | Reached skill level 1 in Evocations
  8357 | D:8      | Reached skill level 8 in Ranged Weapons
  8357 | D:8      | Reached XP level 10. HP: 30/71 MP: 12/12
  8642 | D:8      | Noticed Psyche
  8642 | D:8      | Noticed Erica
  8646 | D:8      | Noticed Grum
  8651 | D:8      | Killed Psyche
  8693 | D:8      | Killed Erica
  8696 | D:8      | HP: 2/72 [Grum/bolt of dispelling energy (12)]
  8707 | D:8      | Your ally Grum died
  9226 | D:8      | Found a snail-covered altar of Cheibriados.
  9299 | D:8      | Noticed a gargoyle
  9299 | D:8      | Noticed a gargoyle
  9304 | D:8      | Killed a gargoyle
  9308 | D:8      | Killed a gargoyle
  9416 | D:8      | Noticed a gargoyle
  9419 | D:8      | Killed a gargoyle
  9420 | D:8      | Reached skill level 9 in Ranged Weapons
  9518 | D:8      | Noticed a gargoyle
  9522 | D:8      | Killed a gargoyle
  9863 | D:8      | Noticed a gargoyle
  9866 | D:8      | Killed a gargoyle
 10038 | D:9      | Found a staircase to the Lair.
 10072 | D:9      | Found a staircase to the Orcish Mines.
 10082 | D:9      | Found a runed translucent door.
 10102 | D:9      | Reached XP level 11. HP: 68/77 MP: 13/13
 10228 | D:9      | Reached skill level 10 in Ranged Weapons
 10370 | D:9      | Found an opulent altar of Gozag.
 10869 | D:9      | Learned a level 3 spell: Portal Projectile
 10876 | D:9      | Noticed Shadowmage952's ghost (journeyman HOBe)
 10953 | D:9      | Reached skill level 1 in Hexes
 11024 | D:9      | Found a hide-covered altar of Uskayaw.
 11050 | D:9      | Found a blossoming altar of Fedhas.
 11182 | D:9      | Reached *** piety under Hepliaklqana
 11239 | D:9      | Killed Shadowmage952's ghost
 11277 | D:10     | Entered Level 10 of the Dungeon
 11747 | Lair:1   | Entered Level 1 of the Lair of Beasts
 12132 | Lair:1   | Noticed a six-headed hydra
 12148 | Lair:1   | Killed a six-headed hydra
 12149 | Lair:1   | Reached skill level 1 in Invocations
 12186 | Lair:1   | Reached skill level 11 in Ranged Weapons
 12257 | Lair:1   | Noticed Fannar
 12268 | Lair:1   | Killed Fannar
 12426 | Lair:1   | Reached XP level 12. HP: 85/85 MP: 16/16
 12454 | Lair:1   | Reached skill level 5 in Hexes
 12457 | Lair:1   | Noticed Gastronok
 12469 | Lair:1   | Killed Gastronok
 12811 | Lair:1   | Found a shimmering altar of Xom.
 12831 | Lair:1   | Reached **** piety under Hepliaklqana
 12983 | Lair:1   | Reached skill level 10 in Fighting
 13481 | Lair:2   | Identified the +2 robe of the Immovable Stories {rElec
                  | rCorr Int+4}
 13518 | Lair:2   | Noticed a four-headed hydra
 13525 | Lair:2   | Killed a four-headed hydra
 13673 | Lair:2   | Found a staircase to the Snake Pit.
 13971 | Lair:2   | Reached skill level 5 in Translocations
 14247 | Lair:2   | Reached skill level 5 in Dodging
 14252 | Lair:2   | Found a staircase to the Swamp.
 14335 | Lair:2   | Reached skill level 1 in Conjurations
 14400 | Lair:2   | Identified the +4 hand axe "Afrisode" {pain, rF++ rC+ Will-
                  | Stlth-}
 14600 | Lair:2   | Learned a level 4 spell: Fulminant Prism
 14605 | Lair:2   | Learned a level 4 spell: Iskenderun's Mystic Blast
 14610 | Lair:2   | Learned a level 4 spell: Anguish
 14627 | Lair:3   | Found a burning altar of Makhleb.
 14685 | Lair:3   | Noticed Nessos
 14951 | Lair:3   | Killed Nessos
 14952 | Lair:3   | Gained mutation: You are strongly in touch with the powers
                  | of death. [Mummy growth]
 14952 | Lair:3   | Reached XP level 13. HP: 92/92 MP: 9/19
 15384 | Lair:3   | Reached ***** piety under Hepliaklqana
 16069 | Lair:4   | Reached skill level 5 in Spellcasting
 16189 | Lair:4   | Reached skill level 5 in Conjurations
 16458 | Lair:5   | Entered Level 5 of the Lair of Beasts
 17244 | Lair:5   | Identified the +0 chain mail "Wuwiuj" {Harm rC+ Dex-3
                  | Slay+2}
 17379 | Lair:5   | Found a staircase to the Slime Pits.
 17379 | Lair:5   | Found a viscous altar of Jiyva.
 18047 | Lair:5   | Reached skill level 12 in Ranged Weapons
 18072 | Lair:5   | Reached XP level 14. HP: 55/99 MP: 18/23
 19175 | Lair:5   | Identified the +2 pair of boots of Analysis {Harm}
 19267 | Lair:5   | Reached skill level 1 in Necromancy
 19302 | Lair:5   | Found a corrupted altar of Lugonu.
 19302 | Lair:5   | Found a one-way gate to the infinite horrors of the Abyss.
 19561 | Orc:1    | Entered Level 1 of the Orcish Mines
 19615 | Orc:1    | You fall into a shaft and drop 1 floor!
 19615 | Orc:2    | Entered Level 2 of the Orcish Mines
 19615 | Orc:2    | Found Osop's Distillery.
 19622 | Orc:2    | Noticed an orc warlord
 19636 | Orc:2    | Killed an orc warlord
 20314 | Orc:1    | Noticed Nergalle
 20406 | Orc:2    | Found Xaurecea's General Store.
 20720 | Orc:2    | Found a staircase to the Elven Halls.
 20795 | Orc:2    | Found Tunkomn's Antique Armour Shop.
 20827 | Orc:2    | Found Pytamus's Jewellery Shop.
 20834 | Orc:2    | Bought an amulet of reflection for 420 gold pieces
 20839 | Orc:2    | Bought a ring of see invisible for 210 gold pieces
 20839 | Orc:2    | Bought a ring of flight for 245 gold pieces
 20839 | Orc:2    | Bought a ring of protection from fire for 350 gold pieces
 20847 | Orc:2    | Found Vyhemef's Antique Weapon Shop.
 20857 | Orc:2    | Bought a pitted mace for 248 gold pieces
 20857 | Orc:2    | Identified the +9 mace "Cudal" {speed, rN++} (You bought it
                  | in a shop on level 2 of the Orcish Mines)
 21016 | Orc:1    | Killed Nergalle
 21023 | Orc:1    | Reached skill level 1 in Throwing
 21919 | Orc:2    | Bought a box of beasts for 520 gold pieces
 21919 | Orc:2    | Bought a scroll of enchant armour for 97 gold pieces
 21919 | Orc:2    | Bought 2 scrolls of enchant weapon for 195 gold pieces
 21919 | Orc:2    | Bought a wand of iceblast (7) for 218 gold pieces
 22027 | D:11     | Noticed Urug
 22035 | D:11     | Killed Urug
 22037 | D:11     | Found a gate leading to a gauntlet.
 22051 | Gauntlet | Entered a Gauntlet
 22051 | Gauntlet | Found a transporter.
 22075 | Gauntlet | Found a transporter.
 22090 | Gauntlet | Found a transporter.
 22096 | Gauntlet | Found a transporter.
 22112 | Gauntlet | Found a transporter.
 22131 | Gauntlet | Found a transporter.
 22143 | Gauntlet | Found a transporter.
 22149 | Gauntlet | Found a transporter.
 22151 | Gauntlet | Found a transporter.
 22179 | Gauntlet | Found a transporter.
 22186 | Gauntlet | Found a transporter.
 22188 | Gauntlet | Found a transporter.
 22209 | Gauntlet | Found a transporter.
 22214 | Gauntlet | Found a transporter.
 22216 | Gauntlet | Found a transporter.
 22235 | Gauntlet | Found a large runed translucent door.
 22236 | Gauntlet | Found a large runed translucent door.
 22237 | Gauntlet | Found a large runed translucent door.
 22237 | Gauntlet | Found a large runed translucent door.
 22238 | Gauntlet | Found a runed translucent gate.
 22239 | Gauntlet | Found a transporter.
 22239 | Gauntlet | Found a runed translucent gate.
 22240 | Gauntlet | Found a runed translucent gate.
 22240 | Gauntlet | Found a large runed translucent door.
 22240 | Gauntlet | Found a large runed translucent door.
 22240 | Gauntlet | Found a runed translucent door.
 22240 | Gauntlet | Found a runed translucent door.
 22241 | Gauntlet | Found a large runed translucent door.
 22242 | Gauntlet | Found a large runed translucent door.
 22244 | Gauntlet | Found a transporter.
 22259 | Gauntlet | Found a large runed translucent door.
 22259 | Gauntlet | Found a large runed translucent door.
 22260 | Gauntlet | Found a large runed translucent door.
 22261 | Gauntlet | Found a large runed translucent door.
 22270 | Gauntlet | Found a large runed translucent door.
 22270 | Gauntlet | Found a large runed translucent door.
 22271 | Gauntlet | Found a large runed translucent door.
 22272 | Gauntlet | Found a large runed translucent door.
 22294 | Gauntlet | Found a transporter.
 22581 | Gauntlet | Identified the +2 pair of gloves of the Other Side {rCorr
                  | Str+4 Slay+2}
 22619 | Gauntlet | Identified the +5 long sword of Bloody Death {vorpal,
                  | *Noise Int+3 SInv}
 22621 | Gauntlet | HP: 3/102 [minotaur/the +5 long sword of Bloody Death
                  | {vorpal, *Noise Int+3 SInv} (10)]
 22624 | Gauntlet | Annihilated by a minotaur

Illustrated notes

Levels and vault maps discovered:
D:1:      nagdon_arrival_double_spiral, layout_basic,
          hellmonk_ecumenical_altar_arch_garden
D:2:      layout_basic
D:3:      layout_basic, amcnicky_mini_corridor_feature,
          hangedman_abyss_or_decor_stabs, kennysheep_generic_room_2,
          uniq_terence, uniq_ijyb
D:4:      layout_basic, minmay_temple_entry_glassed_door,
          grunt_decor_resistance, minmay_fractal_squares_5, uniq_robin,
          uniq_natasha, uniq_menkaure
D:5:      layout_loops_ring
D:6:      layout_basic, cheibrodos_sewer_entry_drain,
          minmay_fractal_squares_diagonal_5, uniq_maggie, uniq_pikel,
          uniq_sigmund
D:7:      layout_basic, gammafunk_ghost_arena, corexii_item_surrounded_by_moat,
          minmay_misc_feat_iff
D:8:      cheibrodos_statue_roulette, layout_basic, minmay_ruined_shrine,
          uniq_grum, uniq_psyche, uniq_erica
D:9:      layout_irregular_city, mainiacjoe_overflow_catwalk_spiral,
          nicolae_overflow_crystal_walls, lair_entry_dummy, orc_0_dummy,
          ebering_ghost_reflecting_pool
D:10:     layout_rooms
D:11:     layout_rooms, gauntlet_entry_generic, serial_shops, kennysheep_mini,
          uniq_urug, uniq_harold
Temple:   nicolae_temple_bog_church
Lair:1:   layout_chaotic_city, basic_altar, uniq_gastronok, uniq_fannar
Lair:2:   layout_roguey, nicolae_swamp_entry_splash_gauntlet, dummy_snake_entry
Lair:3:   layout_cave_pods, basic_altar, st_stairs_7, worms_lemuel, uniq_nessos
Lair:4:   layout_cave_shapes, infiniplex_staircase_pool, grunt_megastairs_5
Lair:5:   hellmonk_lair_end_abyssal_woods, layout_layer_cave,
          nicolae_slime_entry_slimehenge, infiniplex_staircase_pool_2,
          grunt_megastairs_3
Orc:1:    layout_caves, uniq_nergalle
Orc:2:    grunt_orc_cross, layout_caves, serial_shops, shop, basic_altar
Gauntlet: gammafunk_gauntlet_one_two_three [nicolae_gauntlet_arena_x,
          nicolae_gauntlet_arena_flowing_pool, nicolae_gauntlet_arena_t_cross,
          minmay_gauntlet_arena_make_your_own_arena,
          gammafunk_gauntlet_arena_grid, gammafunk_gauntlet_arena_split_x,
          gammafunk_gauntlet_arena_mazey,
          gammafunk_gauntlet_arena_split_diamond,
          gammafunk_gauntlet_arena_hedges, gauntlet_exit_hidden_loot]

Skill      XL: |  1  2  3  4  5  6  7  8  9 10 11 12 13 14 |
---------------+-------------------------------------------+-----
Fighting       | 1 2 3 5 6 7 8 9 10 11 | 11.9
Long Blades    | 2 |  2.0
Ranged Weapons | 1 2 3 4 7 8 9 11 12 | 12.0
Dodging        | 1 2 3 4 5 6 |  6.0
Armour         | 2 3 4 5 6 7 |  7.0
Shields        | 4 |  4.0
Evocations     | 1 2 |  2.0
Spellcasting   | 3 4 6 8 |  8.0
Hexes          | 4 6 7 |  7.0
Translocations | 3 5 6 |  6.0
Invocations    | 1 2 3 |  3.0
Conjurations   | 3 6 7 |  7.0
Necromancy     | 3 |  3.0
Throwing       | 1 |  1.0

Action                   |  1- 3 |  4- 6 |  7- 9 | 10-12 | 13-15 || total
-------------------------+-------+-------+-------+-------+-------++-------
Melee: Falchion          |   127 |       |       |       |       ||   127
       Short sword       |     4 |    27 |       |       |       ||    31
 Fire: Sling             |    72 |   126 |   268 |   564 |   640 ||  1670
       Arbalest          |       |       |       |       |    39 ||    39
Throw: Dart              |     3 |     1 |     1 |     4 |       ||     9
       Stone             |       |     2 |       |       |       ||     2
       Throwing net      |       |     1 |       |     2 |       ||     3
 Cast: Apportation       |     2 |       |       |       |       ||     2
       Fulminant Prism   |       |       |       |     1 |    11 ||    12
       Portal Projectile |       |       |       |     1 |     4 ||     5
       Anguish           |       |       |       |       |     2 ||     2
       Iskenderun's Myst |       |       |       |       |     9 ||     9
Invok: Ancestor Identity |       |       |     1 |       |     1 ||     2
       Ancestor Life: Kn |       |       |     1 |       |       ||     1
       Recall Ancestor   |       |       |       |     2 |     3 ||     5
       Idealise          |       |       |       |       |     3 ||     3
       Transference      |       |       |       |       |     1 ||     1
Evoke: Wand              |       |       |       |     8 |     3 ||    11
       Lightning rod     |       |       |       |       |     4 ||     4
  Use: Scroll            |     1 |     2 |    16 |     5 |    17 ||    41
Armor: Leather armour    |    36 |     1 |       |       |       ||    37
       Ring mail         |       |     5 |       |       |       ||     5
       Scale mail        |       |    29 |    27 |    60 |    32 ||   148
       Robe              |       |       |       |     1 |    40 ||    41
Dodge: Dodged            |    89 |    59 |    75 |   131 |   168 ||   522
Block: Buckler           |    31 |    21 |    25 |    64 |    77 ||   218
       Other             |       |       |       |       |     9 ||     9
       Reflection        |       |       |       |       |     2 ||     2
